 Dungeon Crawl Stone Soup version 0.19-a0-1732-g0b18a7b (webtiles) character file.

1866 junb69 the Basher (level 9, -5/77 HPs)
             Began as a Naga Abyssal Knight on Sept 30, 2016.
             Was a Priest of Lugonu.
             Slain by removeelyvilon's ghost (17 damage)
             ... on level 6 of the Dungeon.
             The game lasted 00:19:05 (7465 turns).

junb69 the Basher (Naga Abyssal Knight)             Turns: 7465, Time: 00:19:05

Health: -5/77      AC:  7    Str: 16    XL:     9   Next: 13%
Magic:  10/10      EV:  8    Int: 13    God:    Lugonu [***...]
Gold:   265        SH:  0    Dex: 12    Spells: 2 memorised, 5 levels left

rFire  . . .     SeeInvis +     b - +3 flail (holy)
rCold  + + .     Gourm    .     p - +0 ring mail {rC+}
rNeg   . . .     Faith    .     (no shield)
rPois  +         Spirit   .     (no helmet)
rElec  .         Dismiss  +     (no cloak)
rCorr  .         Reflect  .     (no gloves)
MR     ++...     Harm     .     (no barding)
Stlth  +++.......               l - amulet of dismissal
                                y - ring of stealth
                                n - ring of protection from magic

@: very slow
A: icy blue scales 1, see invisible, cold resistance 1, deformed body, frail 1,
poison resistance, slowness 2, slow metabolism 1, spit poison 2, AC +3
a: Breathe Poison Gas, Depart the Abyss, Bend Space, Banish, Renounce Religion


You were on level 6 of the Dungeon.
You worshipped Lugonu.
Lugonu was most pleased with you.
You were not hungry.

You visited 1 branch of the dungeon, and saw 6 of its levels.
You visited the Abyss 1 time.

You collected 265 gold pieces.

Inventory:

Hand Weapons
 b - a +3 flail of holy wrath (weapon)
 i - a +0 dire flail
Armour
 p - a +0 ring mail of cold resistance (worn)
Jewellery
 l - an amulet of dismissal (around neck)
 n - a ring of protection from magic (left hand)
 y - a ring of stealth (right hand)
Scrolls
 h - a scroll of random uselessness {unknown}
 j - a scroll of enchant armour {unknown}
 m - a scroll of magic mapping {unknown}
 o - a scroll of blinking {unknown}
 s - 2 scrolls of immolation
 t - 3 scrolls of amnesia
 w - a scroll of noise {unknown}
Potions
 a - a potion of degeneration {unknown}
 e - 2 potions of cancellation
 f - a potion of lignification
 g - 6 potions of flight
 q - 3 potions of brilliance
Books
 r - a book of Minor Magic

   Spells                             Type                      Level
   a - Magic Dart                     Conjuration                  1
   b - Blink                          Translocation                2
   c - Call Imp                       Summoning                    2
   d - Repel Missiles                 Charms/Air                   2
   e - Slow                           Hexes                        2
   f - Conjure Flame                  Conjuration/Fire             3
   g - Mephitic Cloud                 Conjuration/Poison/Air       3
Comestibles
 c - 2 bread rations
 v - 3 meat rations


   Skills:
 * Level 7.4 Fighting
 * Level 8.3 Maces & Flails
 - Level 1.5 Armour
 - Level 1.2 Dodging
 - Level 3.5 Stealth
 - Level 3.6 Conjurations
 - Level 2.0 Invocations


You had 5 spell levels left.
You knew the following spells:

 Your Spells              Type           Power        Failure   Level  Hunger
a - Magic Dart            Conj           #...         14%         1    ##.....
b - Repel Missiles        Chrm/Air       #.....       83%         2    ###....


Dungeon Overview and Level Annotations

Branches:
Dungeon (6/15)             Temple (0/1) D:6

Altars:
The Shining One

Annotations:
D:4 Menkaure
D:6 removeelyvilon's ghost, novice TrMo


Innate Abilities, Weirdness & Mutations

You cannot wear boots.
Your serpentine skin is tough. (AC +3)
You have supernaturally acute eyesight. (SInv)
Armour fits poorly on your strangely shaped body.
Your system is resistant to poisons. (rPois)
You cover ground very slowly.
You have a slow metabolism.
You can exhale a cloud of poison.
You are partially covered in icy blue scales. (AC +2)
Your flesh is cold resistant. (rC+)
You are frail. (-10% HP)


Message History

You hit removeelyvilon's ghost.
Removeelyvilon's ghost convulses.
Removeelyvilon's ghost is moderately damaged.
Removeelyvilon's ghost hits you!
* * * LOW HITPOINT WARNING * * *
You hit removeelyvilon's ghost but do no damage.
Removeelyvilon's ghost is moderately damaged.
Removeelyvilon's ghost whispers, "Everlasting silence awaits you..."
Removeelyvilon's ghost hits you!
* * * LOW HITPOINT WARNING * * *
It was a potion of cancellation.
Your magical effects are unravelling.
You feel magically purged.
You feel less woody.
Your +0 ring mail of cold resistance unmelds from your body.
You feel resistant to cold. Removeelyvilon's ghost hits you!
* * * LOW HITPOINT WARNING * * *
It was a potion of curing.
You feel better. Removeelyvilon's ghost hits you!
* * * LOW HITPOINT WARNING * * *
You feel better. Removeelyvilon's ghost hits you!
You die...

......#.##.................#.###.
..##.#..##..#.#.#............##.>
..##.#.####.................###..
..##........#.#.#................
.##.......(#........#..#.#.#.....
##..........#.#.#.....##.#.......
.#.......................##......
......<.....#.#.#..####..........
.#.......<..<...@..# ##.##......
.#..........#.#W#..# ##..##......
.##..............#..##........###
##..........#.#.###.......#.#.###
##...............#####....#......
.#..........#.#.## #....##.....
.................# #....##.....
............#.#.## #...........
..#........#...## #....##.....


You could see removeelyvilon's ghost.

Vanquished Creatures
  Sigmund (D:4)
  A sky beast (D:5)
  An ice beast (D:5)
  An orc warrior (D:6)
  2 ogres
  A centaur (D:5)
  A big kobold (D:6)
  Blork the orc (D:4)
  A bullfrog (D:6)
  3 scorpions
  3 killer bees (D:5)
  3 howler monkeys
  A bullfrog zombie (D:5)
  2 crimson imps
  3 hounds
  An orc priest (D:6)
  4 orc wizards
  A centaur skeleton (D:4)
  3 worker ants
  6 adders
  An ooze (D:2)
  2 adder skeletons (D:4)
  2 dart slugs
  20 orcs
  A ball python (D:4)
  3 giant cockroaches
  10 goblins
  4 hobgoblins
  5 jackals (D:1)
  3 quokkas
  7 bats
  7 frilled lizards
  18 kobolds
  A leopard gecko skeleton (D:4)
  6 rats (D:1)
130 creatures vanquished.

Notes
Turn   | Place    | Note
-------+----------+-------------------------------------------
     0 | Abyss:1  | junb69 the Naga Abyssal Knight began the quest for the Orb.
     0 | Abyss:1  | Reached XP level 1. HP: 21/21 MP: 2/2
     9 | Abyss:2  | Noticed a thrashing horror
     9 | Abyss:2  | Noticed a thrashing horror
    12 | D:1      | Escaped the Abyss
   174 | D:1      | Reached XP level 2. HP: 19/28 MP: 3/3
   655 | D:1      | Reached * piety under Lugonu
   671 | D:1      | Reached skill level 1 in Stealth
   704 | D:1      | Reached XP level 3. HP: 8/34 MP: 4/4
  1936 | D:2      | Reached skill level 3 in Maces & Flails
  1940 | D:2      | Found a glowing golden altar of the Shining One.
  2191 | D:2      | Reached XP level 4. HP: 37/42 MP: 5/5
  2775 | D:3      | Learned a level 1 spell: Magic Dart
  3093 | D:3      | Reached ** piety under Lugonu
  3746 | D:4      | Noticed Blork the orc
  3833 | D:4      | Reached skill level 1 in Conjurations
  4086 | D:4      | Reached XP level 5. HP: 28/49 MP: 6/6
  4336 | D:4      | Gained mutation: You are partially covered in icy blue scales. (AC +2) [potion of mutation]
  4336 | D:4      | Gained mutation: You can exhale a cloud of poison. [potion of mutation]
  4541 | D:4      | Noticed Menkaure
  4704 | D:4      | Reached skill level 4 in Maces & Flails
  4744 | D:4      | Gained mutation: Your flesh is cold resistant. (rC+) [potion of mutation]
  4744 | D:4      | Gained mutation: You tend to lose your temper in combat. [potion of mutation]
  4744 | D:4      | Lost mutation: You tend to lose your temper in combat. [potion of mutation]
  4745 | D:4      | Gained mutation: You are frail. (-10% HP) [potion of mutation]
  4745 | D:4      | Gained mutation: You are agile. (Dex +2) [potion of mutation]
  4745 | D:4      | Lost mutation: You are agile. (Dex +2) [potion of mutation]
  4845 | D:4      | Noticed Sigmund
  4884 | D:4      | Killed Sigmund
  4884 | D:4      | Reached skill level 5 in Maces & Flails
  4884 | D:4      | Reached XP level 6. HP: 29/50 MP: 5/7
  5080 | D:4      | Reached XP level 7. HP: 55/55 MP: 8/8
  5640 | D:4      | Killed Blork the orc
  5716 | D:5      | Entered Level 5 of the Dungeon
  5720 | D:5      | Reached skill level 6 in Maces & Flails
  5754 | D:5      | Got a sheer robe
  5769 | D:4      | Identified the +1 robe of Life {+Fly Int-4 Dex+3} (You found it on level 5 of the Dungeon)
  5784 | D:4      | Learned a level 2 spell: Repel Missiles
  5793 | D:5      | Reached skill level 5 in Fighting
  5797 | D:5      | Reached XP level 8. HP: 43/66 MP: 9/9
  6256 | D:5      | Reached skill level 7 in Maces & Flails
  6656 | D:6      | Noticed removeelyvilon's ghost (novice TrMo)
  6682 | D:5      | Reached *** piety under Lugonu
  6987 | D:6      | Reached skill level 1 in Dodging
  7191 | D:6      | Reached XP level 9. HP: 77/77 MP: 10/10
  7221 | D:6      | Reached skill level 8 in Maces & Flails
  7359 | D:6      | Found a staircase to the Ecumenical Temple.
  7463 | D:6      | HP: 3/77 [removeelyvilon's ghost (11)]
  7465 | D:6      | Slain by removeelyvilon's ghost

Vault maps used:
D:1:      onia_arrival_mini_spirals
D:2:      moated_statue, tso_altar
D:4:      uniq_menkaure, uniq_sigmund, uniq_blork_the_orc
D:5:      first_bread
D:6:      st_stairs_13
Abyss:2:  hangedman_decor_peaks_small

Skill      XL: |  1  2  3  4  5  6  7  8  9 |
---------------+----------------------------+-----
Stealth        | 1 3 |  3.5
Maces & Flails | 3 5 6 7 8 |  8.3
Conjurations   | 1 3 |  3.6
Fighting       | 5 7 |  7.4
Dodging        | 1 |  1.2
Armour         | |  1.5
Invocations    | |  2.0

Action                   |  1- 3 |  4- 6 |  7- 9 || total
-------------------------+-------+-------+-------++-------
Melee: Mace              |   114 |    93 |    91 ||   298
       Flail             |       |       |    75 ||    75
       Dire flail        |       |       |     5 ||     5
Throw: Stone             |    10 |    20 |       ||    30
 Cast: Magic Dart        |       |     4 |    12 ||    16
Invok: Depart the Abyss  |     1 |       |       ||     1
 Abil: Spit Poison       |     4 |     2 |       ||     6
       Breathe Poison Ga |       |     4 |    14 ||    18
  Use: Potion            |       |     9 |     4 ||    13
       Scroll            |       |       |     6 ||     6
 Stab: Sleeping          |     3 |       |     4 ||     7
       Invisible         |       |     1 |       ||     1
       Distracted        |       |       |     1 ||     1
  Eat: Chunk             |     3 |     5 |     5 ||    13
       Pizza             |       |     1 |       ||     1
       Bread ration      |       |     1 |     1 ||     2
Armor: Leather armour    |    54 |    44 |    42 ||   140
       Skin              |       |    13 |     1 ||    14
       Ring mail         |       |       |    37 ||    37
Dodge: Dodged            |    81 |    73 |    85 ||   239
